 Dungeon Crawl Stone Soup version 0.29-a0-923-g6e406bff71 (webtiles) character file.

Game seed: 5576570749773903665

201482 flotson the Fighter (level 18, -4/132 (150) HPs)
             Began as a Demonspawn Delver on July 27, 2022.
             Was an Initiate of Gozag.
             Slain by a +2 glaive of venom (18 damage)
             ... on level 2 of the Elven Halls on July 28, 2022.
             The game lasted 01:28:09 (35279 turns).

flotson the Fighter (Demonspawn Delver)            Turns: 35279, Time: 01:28:10

HP:   -4/132 (150)  AC: 17    Str: 23    XL:     18   Next: 30%
MP:   0/29          EV: 28    Int: 10    God:    Gozag
Gold: 2023          SH:  0    Dex: 17    Spells: 14/25 levels left

rFire   x . .      SeeInvis .   b - +5 longbow of Untruth {flame, rPois Str+5 Int-5}
rCold   + . .      Faith    .   (shield currently unavailable)
rNeg    . . .      Spirit   +   W - +4 moon troll leather armour {Spirit, Regen++ MP+5}
rPois   +          Reflect  .   U - +1 hat {Will+}
rElec   .          Harm     .   B - +0 cloak
rCorr   .          Rampage  .   M - +0 pair of gloves
Will    +++..                   S - +0 pair of boots "Gileh" {Regen+}
Stlth   ++++......              L - amulet of the acrobat
HPRegen 2.72/turn               e - ring of the Leaf {Ice +Blink Will+ Slay+6}
MPRegen 0.21/turn               O - ring "Jillicew" {EV+4 Int+3}

@: mighty, agile, lethally poisoned (-4 -> -4), studying Earth Magic, heavily
drained
A: hooves 1, rugged brown scales 1, ignite blood 3, powered by pain 3
a: Renounce Religion, Evoke Blink, Potion Petition, Call Merchant, Bribe Branch


You were on level 2 of the Elven Halls.
You worshipped Gozag.
Gozag was most pleased with you.
You visited 4 branches of the dungeon, and saw 25 of its levels.
You also visited: Sewer, Bailey and Gauntlet.

You collected 9862 gold pieces.
You spent 4238 gold pieces at shops.
You paid 3601 gold pieces to Gozag.

Inventory:

Hand Weapons
 a - the +13 scythe of Curses {drain, Drain}
   (You bought it in a shop on level 2 of the Orcish Mines)

   A truly terrible weapon, it drains the life of any living foe it strikes.
   It inflicts powerful necromantic curses on any living foe it strikes.
   Drain:     It drains your maximum health when unequipped.
 b - the +5 longbow of Untruth (weapon) {flame, rPois Str+5 Int-5}
   (You found it on level 9 of the Dungeon)

   Any ammunition fired from it burns those it strikes, dealing additional fire
   damage.
   Str:       It affects your strength (+5).
   Int:       It affects your intelligence (-5).
   rPois:     It protects you from poison.
 c - the +5 broad axe of Bile {antimagic, *Rage Str+6 Dex+6}
   (You found it on level 13 of the Dungeon)

   It reduces the magical energy of the wielder, and disrupts the spells and
   magical abilities of those it strikes.
   Natural abilities and divine invocations are not affected.
   Str:       It affects your strength (+6).
   Dex:       It affects your dexterity (+6).
   *Rage:     It berserks you when you make melee attacks (+20% chance).
Missiles
 f - 6 throwing nets
 n - 7 atropa-tipped darts
 o - 5 curare-tipped darts
 t - 7 silver javelins
 G - 4 javelins
Armour
 i - a +0 helmet of see invisible
 B - a +0 cloak (worn)
 M - a +0 pair of gloves (worn)
 S - the +0 pair of boots "Gileh" (worn) {Regen+}
   (You found it on level 10 of the Dungeon)

   Regen:     It increases your rate of health regeneration.
 U - a +1 hat of willpower (worn)
 W - the +4 moon troll leather armour (worn) {Spirit, Regen++ MP+5}
   (You bought it in a shop on level 1 of the Orcish Mines)

   MP:        It affects your magic capacity (+5).
   Regen:     It increases your rate of health regeneration.
Jewellery
 e - the ring of the Leaf (left hand) {Ice +Blink Will+ Slay+6}
   (You found it in a sewer)

   [ring of ice]

   It enhances your ice magic.
   Slay:      It affects your accuracy & damage with ranged weapons and melee
   (+6).
   rF:        It makes you vulnerable to fire.
   rC:        It protects you from cold.
   +Blink:    It lets you blink.
   Will:      It increases your willpower.
 s - a ring of flight
 A - the ring of Hulaq {Wiz Int+5}
   (You found it on level 6 of the Dungeon)

   [ring of wizardry]

   It improves your spell success rate.
   Int:       It affects your intelligence (+5).
 L - an amulet of the acrobat (around neck)
 O - the ring "Jillicew" (right hand) {EV+4 Int+3}
   (You found it on level 9 of the Dungeon)

   [ring of evasion]

   EV:        It affects your evasion (+4).
   Int:       It affects your intelligence (+3).
 T - the ring of Fabogade {rElec rF+ rC++ Str-5}
   (You found it in a Gauntlet)

   [ring of protection from fire]

   Str:       It affects your strength (-5).
   rF:        It protects you from fire.
   rC:        It greatly protects you from cold.
   rElec:     It insulates you from electricity.
Wands
 g - a wand of digging (16)
 j - a wand of charming (13)
 I - a wand of quicksilver (3)
 K - a wand of roots (16)
 V - a wand of mindburst (7)
Scrolls
 h - 7 scrolls of teleportation
 l - a scroll of silence
 m - 5 scrolls of magic mapping
 p - 2 scrolls of enchant armour
 r - 8 scrolls of butterflies
 x - 2 scrolls of summoning
 y - 4 scrolls of immolation
 D - a scroll of torment
 E - 6 scrolls of blinking
 F - a scroll of fog
 J - 2 scrolls of poison
 Z - 2 scrolls of vulnerability
Potions
 d - a potion of cancellation
 k - 6 potions of curing
 q - a potion of ambrosia
 u - 2 potions of haste
 w - 4 potions of lignification
 z - 5 potions of attraction
 C - 3 potions of resistance
 H - a potion of might
 Q - 2 potions of invisibility
 R - a potion of berserk rage
 Y - 2 potions of heal wounds
Miscellaneous
 v - a phial of floods
 N - a condenser vane
 P - a lightning rod (4/4)
 X - a phantom mirror


   Skills:
 + Level 14.2 Fighting
 - Level 6.3(7.2) Axes
 - Level 5.4(6.8) Polearms
 + Level 11.3 Ranged Weapons
 - Level 6.3 Throwing
 + Level 12.7 Armour
 + Level 12.9 Dodging
 + Level 8.7 Stealth
 - Level 5.1 Shields
 + Level 4.0 Spellcasting
 + Level 4.3 Hexes
 + Level 4.3 Summonings
 + Level 4.0 Translocations
 + Level 13.8 Evocations


You had 14 spell levels left.
You knew the following spells:

 Your Spells              Type           Power      Damage    Failure   Level
a - Summon Small Mammal   Summ           40%        N/A       4%          1
b - Summon Forest         Summ/Tloc      5%         N/A       80%         5
c - Summon Mana Viper     Hex/Summ       10%        N/A       78%         5

Your spell library contained the following spells:

 Spells                   Type           Power      Damage    Failure   Level
 Apportation              Tloc           20%        N/A       5%          1
 Gell's Gravitas          Tloc           10%        N/A       16%         3
 Lesser Beckoning         Tloc           10%        N/A       16%         3
 Teleport Other           Tloc           10%        N/A       16%         3
 Foxfire                  Conj/Fire      8%         2x1d4     28%         1
 Shock                    Conj/Air       8%         1d3       28%         1
 Inner Flame              Hex/Fire       6%         N/A       34%         3
 Sublimation of Blood     Necr           2%         N/A       38%         2
 Wereblood                Tmut           2%         N/A       38%         2
 Conjure Flame            Conj/Fire      2%         6-21      63%         3
 Mephitic Cloud           Conj/Pois/Air  2%         N/A       63%         3
 Ozocubu's Armour         Ice            3%         N/A       63%         3
 Swiftness                Air            2%         N/A       63%         3
 Leda's Liquefaction      Hex/Erth       3%         N/A       75%         4
 Airstrike                Air            1%         0-2+      95%         4
 Dispel Undead            Necr           2%         3d7       95%         4
 Flame Wave               Conj/Fire      2%         2d4       95%         4
 Alistair's Intoxication  Tmut/Pois      1%         N/A       100%        5
 Blade Hands              Tmut           1%         N/A       100%        5
 Lee's Rapid Deconstruct  Erth           1%         3d5*      100%        5
 Death Channel            Necr           1%         N/A       100%        6
 Statue Form              Tmut/Erth      1%         N/A       100%        6
 Summon Cactus Giant      Summ           5%         N/A       100%        6
 Summon Hydra             Summ           5%         N/A       100%        7
 Corpse Rot               Necr/Pois/Air  Unusable   N/A       N/A         4

Dungeon Overview and Level Annotations

Branches:
Dungeon (15/15)            Temple (0/1) D:7            Lair (5/5) D:10
  Swamp (0/4) Lair:3       Spider (0/4) Lair:3        Slime (0/5) Lair:4
    Orc (2/2) D:9             Elf (3/3) Orc:2        Vaults (0/5) D:14
 Depths (0/4) D:15          Sewer (visited)          Bailey (visited)
Gauntlet (visited)

Altars:
Dithmenos
Fedhas
Gozag
Makhleb
Qazlal
Sif Muna
Uskayaw
Wu Jian
Jiyva
Lugonu

Shops:
D:14 **[[   Orc:1 *[   Orc:2 ??(?!   Elf:1 *   Elf:2 (   Elf:3 (*[

Portals:
Abyss: Lair:5
Trove: D:13 (give +3 gold dragon scales)

Annotations:
D:8 greasedhog's ghost, journeyman GrMo
D:11 Nergalle


Innate Abilities, Weirdness & Mutations

You have large cloven feet.
You are partially covered in rugged brown scales. (AC +1, +3% HP)
Your demonic aura causes all spilled blood to erupt in flames.
You are powered by pain.


Message History

You feel sick.
You feel sick.
Fire: b) +5 longbow of Untruth {flame, rPois Str+5 Int-5}
Press: ? - help, Q - select action, (/) - cycle Shift-Dir - straight line, f/p - +2 glaive of venom
Aim: a +2 glaive of venom (severely damaged, 62% to hit)
You shoot an arrow.
The arrow barely misses the +2 glaive of venom.
You feel sick.
The +2 glaive of venom completely misses you.
The +2 glaive of venom misses you.
Fire: b) +5 longbow of Untruth {flame, rPois Str+5 Int-5}
Press: ? - help, Q - select action, (/) - cycle Shift-Dir - straight line, f/p - +2 glaive of venom
Aim: a +2 glaive of venom (severely damaged, 62% to hit)
You shoot an arrow.
The arrow misses the +2 glaive of venom.
You feel sick.
The +2 glaive of venom closely misses you.
Fire: b) +5 longbow of Untruth {flame, rPois Str+5 Int-5}
Press: ? - help, Q - select action, (/) - cycle Shift-Dir - straight line, f/p - +2 glaive of venom
Aim: a +2 glaive of venom (severely damaged, 62% to hit)
You shoot an arrow.
The arrow completely misses the +2 glaive of venom.
You feel sick.
You are no longer poisoned.
The +2 glaive of venom hits you from afar!
* * * LOW HITPOINT WARNING * * *
You are poisoned.
You feel extremely sick.
The +2 glaive of venom completely misses you.
You feel very sick.
The +2 glaive of venom is engulfed in blazing flames.
You feel very sick.
The +2 glaive of venom is engulfed in blazing flames.
You feel very sick.
You feel sick.
There is a stone staircase leading up here.
You feel very sick.
The +2 glaive of venom hits you from afar!!
You die...
Your body crumbles into a pile of gold.

#.........#.#########.##..#.##.##
..........#.#...#...#.##.......##
..........#.#...#...#.#####)#####
.....##...#'#'#'#'#'#'### #.#####
#.........#...#...#...#.###.#....
#..#......#...#...#...#..##.#.###
..[......!#####...#####...#.#.##.
#.[.........####.................
.............###@.(........##.###
.............#.............##.###
##...........#.##...°°○....##....
##>.........#.##.......[#.######
#.....................#[[#
##.......###.##.##...##)##
#.........##.......####)###
#.......>.##.......##..[.<#
#.........##.......##..)[.##


You could see a +2 glaive of venom.

Vanquished Creatures
  Rupert (D:13)
  3 deep elf blademasters
  2 deep elf master archers (Elf:3)
  Gastronok (Lair:1)
  A tengu reaver (D:13)
  6 deep elf sorcerers (Elf:3)
  4 deep elf elementalists (Elf:3)
  The ghost of enile the Warrior, a journeyman TeCj of Trog (Orc:1)
  4 deep elf demonologists
  A minotaur (Gauntlet)
  Snorg (D:12)
  4 deep elf annihilators (Elf:3)
  12 deep elf death magi
  An ettin (D:13)
  A great orb of eyes (D:15)
  2 yaktaur captains (D:13)
  4 vault guards (D:14)
  Fannar (Lair:3)
  Harold (Orc:1)
  15 hydras
  2 rakshasas
  2 catoblepae
  11 two-headed ogres
  3 ogre magi
  9 boulder beetles
  8 centaur warriors
  27 dancing weapons
  3 tengu warriors (D:14)
  A deep troll earth mage (D:13)
  3 thrashing horrors (Lair:5)
  20 death yaks
  A shock serpent (shapeshifter) (D:9)
  Urug (D:12)
  21 deep elf knights
  The ghost of MisterPants the Thaumaturge, a journeyman FeSu of Gozag (Lair:3)
  Sonja (D:12)
  Amaemon (Lair:1)
  4 skeletal warriors
  A spectral death yak (Lair:3)
  2 glowing orange brains (Gauntlet)
  An orange crystal statue (D:15)
  A spectral hydra (Lair:3)
  A sea snake (shapeshifter) (D:15)
  A phantasmal warrior (D:13)
  19 deep elf archers
  A lindwurm (Lair:5)
  A wizard (D:14)
  A necromancer (Gauntlet)
  21 deep elf pyromancers
  3 orc sorcerers
  32 deep elf zephyrmancers
  A mana viper (shapeshifter) (D:15)
  11 orc knights
  17 ugly things
  A wolf spider (D:13)
  11 elephants
  6 cyclopes
  6 manticores
  A black mamba (shapeshifter) (Elf:3)
  Maurice (D:13)
  7 black mambas
  A smoke demon (Lair:5)
  2 gargoyles
  A guardian serpent (shapeshifter) (D:14)
  A torpor snail (Gauntlet)
  An orange demon (Lair:1)
  A rime drake (shapeshifter) (D:15)
  5 cane toads
  A freezing wraith (D:14)
  8 komodo dragons
  A kobold demonologist (D:12)
  An unseen horror (D:12)
  A tengu conjurer (D:15)
  3 rime drakes
  2 ancient zymes (Lair:5)
  2 meliai
  A merfolk (shapeshifter) (D:15)
  A polar bear (shapeshifter) (Lair:5)
  11 trolls
  A queen bee (Gauntlet)
  2 hornets
  16 blink frogs
  A spectral elephant (Lair:3)
  7 slime creatures
  2 centaur simulacra
  A culicivora (shapeshifter) (D:13)
  5 air elementals
  Sigmund (D:2)
  7 spriggans
  5 wyverns
  37 yaks
  A vampire (D:14)
  A shadow (D:11)
  A spectral komodo dragon (Lair:3)
  2 ynoxinuls (Lair:5)
  3 redbacks (Lair:3)
  3 water elementals
  A yak (shapeshifter) (Lair:5)
  3 wraiths
  A basilisk (shapeshifter) (D:13)
  3 vampire mosquitoes (D:13)
  2 basilisks
  3 steam dragons
  A chaos spawn (Lair:5)
  5 wargs (Orc:2)
  2 acid dragons
  2 large abominations (Lair:5)
  14 water moccasins
  An ice beast (D:7)
  4 black bears
  31 orc warriors
  A sky beast (D:7)
  14 ogres
  18 centaurs
  11 wolves
  A boggart (D:9)
  12 small abominations (Lair:5)
  A kobold brigand (D:6)
  16 bullfrogs
  5 scorpions
  4 necrophages
  2 gnoll sergeants
  4 earth elementals
  14 killer bees
  11 electric eels
  10 howler monkeys
  A komodo dragon simulacrum (Lair:3)
  13 orc priests
  2 hounds
  2 jellies (D:6)
  A gnoll bouda (D:7)
  2 hell rats (D:10)
  2 iguanas
  18 orc wizards
  11 gnolls
  9 adders
  2 white imps (D:6)
  A worm (D:4)
  5 dart slugs
  69 orcs
  An endoplasm (D:2)
  7 giant cockroaches
  9 goblins
  9 hobgoblins
  4 jackals (D:1)
  16 kobolds
  7 quokkas
  8 ball pythons
  5 bats
  15 frilled lizards
  6 rats
894 creatures vanquished.

Vanquished Creatures (others)
  A deep elf elementalist (Elf:3)
  2 deep elf knights (Elf:2)
  9 fungi
  36 plants
  3 withered plants (Orc:1)
51 creatures vanquished.

Grand Total: 945 creatures vanquished

Notes
Turn   | Place    | Note
-------+----------+-------------------------------------------
     0 | D:5      | flotson the Demonspawn Delver began the quest for the Orb.
     0 | D:5      | Reached XP level 1. HP: 18/18 MP: 1/1
    22 | D:5      | Noticed a water moccasin
    38 | D:5      | Noticed a scorpion
    40 | D:5      | Noticed an iguana
   105 | D:4      | Noticed an orc priest
   138 | D:4      | Found a glowing drain.
   154 | Sewer    | Entered a sewer
   236 | Sewer    | Gained mutation: You sometimes gain a little power by
                  | taking damage. [demonic ancestry]
   236 | Sewer    | Reached XP level 2. HP: 24/24 MP: 2/2
  1027 | Sewer    | Reached skill level 1 in Throwing
  1027 | Sewer    | Gained mutation: You sometimes gain power by taking damage.
                  | [demonic ancestry]
  1027 | Sewer    | Reached XP level 3. HP: 27/29 MP: 3/3
  1070 | Sewer    | Noticed a bullfrog
  1080 | Sewer    | Killed a bullfrog
  1081 | Sewer    | Reached skill level 1 in Axes
  1081 | Sewer    | Reached skill level 1 in Armour
  1081 | Sewer    | Reached skill level 1 in Evocations
  1081 | Sewer    | Gained mutation: You are partially covered in rugged brown
                  | scales. (AC +1, +3% HP) [demonic ancestry]
  1081 | Sewer    | Reached XP level 4. HP: 23/36 MP: 4/4
  1087 | Sewer    | Identified the ring of the Leaf {Ice +Blink Will+ Slay+6}
  2355 | D:1      | Reached XP level 5. HP: 42/42 MP: 5/5
  3183 | D:2      | Noticed Sigmund
  3506 | D:3      | Identified the +1 ring mail of the Wumpus {rF+ Will+}
  4339 | D:3      | Gained mutation: Your demonic aura sometimes causes spilled
                  | blood to erupt in flames. [demonic ancestry]
  4339 | D:3      | Reached XP level 6. HP: 49/49 MP: 6/6
  5096 | D:2      | Killed Sigmund
  5097 | D:2      | Reached skill level 4 in Fighting
  6281 | D:5      | Killed a water moccasin
  6282 | D:5      | Gained mutation: Your demonic aura often causes spilled
                  | blood to erupt in flames. [demonic ancestry]
  6282 | D:5      | Reached XP level 7. HP: 56/56 MP: 7/7
  6583 | D:5      | Reached XP level 8. HP: 62/62 MP: 8/8
  6619 | D:5      | Reached skill level 5 in Fighting
  6850 | D:6      | Identified the ring of Hulaq {Wiz Int+5}
  7081 | D:6      | Reached skill level 1 in Shields
  7444 | D:6      | Found a stormy altar of Qazlal.
  7445 | D:6      | Found an opulent altar of Gozag.
  7454 | D:6      | Became a worshipper of Gozag Ym Sagoz the Greedy
  7733 | D:6      | Found a shadowy altar of Dithmenos.
  7786 | D:6      | Found a hide-covered altar of Uskayaw.
  7911 | D:7      | Reached XP level 9. HP: 69/71 MP: 9/9
  8239 | D:7      | Found a burning altar of Makhleb.
  8240 | D:7      | Noticed a balrug
  8240 | D:7      | Noticed an angel
  8434 | D:7      | Found a staircase to the Ecumenical Temple.
  8778 | D:7      | Reached skill level 6 in Fighting
  8871 | D:7      | Reached skill level 5 in Dodging
  9160 | D:8      | Reached skill level 5 in Evocations
  9174 | D:8      | Found a flagged portal.
  9187 | Bailey   | Entered a bailey
  9292 | Bailey   | Reached skill level 5 in Throwing
  9292 | Bailey   | Reached skill level 5 in Armour
  9292 | Bailey   | Gained mutation: You are powered by pain. [demonic
                  | ancestry]
  9292 | Bailey   | Reached XP level 10. HP: 29/79 MP: 10/10
  9313 | Bailey   | Reached skill level 5 in Axes
  9771 | Bailey   | Noticed a two-headed ogre
  9971 | Bailey   | Killed a two-headed ogre
 10396 | D:8      | Reached skill level 7 in Fighting
 11266 | D:8      | Found an ornate altar of the Wu Jian Council.
 11377 | D:9      | Noticed a two-headed ogre
 11535 | D:9      | HP: 4/81 [two-headed ogre/+0 giant club (22)]
 11536 | D:9      | Killed a two-headed ogre
 11920 | D:9      | Found a staircase to the Orcish Mines.
 12071 | D:9      | Noticed a boulder beetle
 12631 | D:9      | Noticed a manticore
 12642 | D:9      | Killed a manticore
 12643 | D:9      | Reached XP level 11. HP: 56/86 MP: 6/11
 12776 | D:9      | Identified the ring "Jillicew" {EV+4 Int+3}
 12780 | D:9      | Identified the +2 shortbow "Bich" {flame, Str+2 Int+4}
 12781 | D:9      | Identified the +5 longbow of Untruth {flame, rPois Str+5
                  | Int-5}
 13086 | D:9      | Killed a boulder beetle
 13442 | D:9      | Noticed a shock serpent
 13445 | D:9      | Killed a shock serpent
 13546 | D:10     | Entered Level 10 of the Dungeon
 13555 | D:10     | Noticed a death yak
 13555 | D:10     | Noticed a death yak
 13562 | D:10     | Noticed a death yak
 13572 | D:9      | Killed a death yak
 13573 | D:9      | Reached skill level 1 in Ranged Weapons
 13573 | D:9      | Reached skill level 5 in Shields
 13698 | D:10     | Noticed a two-headed ogre
 13701 | D:10     | Killed a two-headed ogre
 13876 | D:10     | Identified the +0 pair of boots "Gileh" {Regen+}
 13899 | D:10     | Got the Spellbook of Cloudy Firn
 13987 | D:10     | Killed a death yak
 13990 | D:10     | Killed a death yak
 13991 | D:10     | Reached skill level 8 in Fighting
 14047 | D:10     | Found a staircase to the Lair.
 14214 | D:10     | Noticed a two-headed ogre
 14219 | D:10     | Killed a two-headed ogre
 14408 | Lair:1   | Entered Level 1 of the Lair of Beasts
 14574 | Lair:1   | Noticed a six-headed hydra
 14579 | Lair:1   | Killed a six-headed hydra
 14634 | Lair:1   | Noticed Gastronok
 14651 | Lair:1   | Killed Gastronok
 14652 | Lair:1   | Reached XP level 12. HP: 59/96 MP: 6/12
 14796 | Lair:1   | Noticed a five-headed hydra
 14797 | Lair:1   | Noticed a four-headed hydra
 14799 | Lair:1   | Killed a five-headed hydra
 14804 | Lair:1   | Killed a four-headed hydra
 14903 | Lair:1   | Noticed Amaemon
 14908 | Lair:1   | Killed Amaemon
 15270 | Lair:2   | Reached skill level 9 in Fighting
 15365 | Lair:2   | Noticed a five-headed hydra
 15370 | Lair:2   | Killed a five-headed hydra
 15449 | Lair:2   | Reached skill level 5 in Ranged Weapons
 15625 | Lair:2   | Noticed an eight-headed hydra
 15628 | Lair:2   | Killed an eight-headed hydra
 16030 | Lair:3   | Found a staircase to the Swamp.
 16110 | Lair:3   | Noticed a boulder beetle
 16121 | Lair:3   | Killed a boulder beetle
 16122 | Lair:3   | Reached XP level 13. HP: 94/105 MP: 11/13
 16311 | Lair:3   | Found a hole to the Spider Nest.
 16339 | Lair:3   | Reached skill level 10 in Fighting
 16497 | Lair:3   | Found a runed translucent gate.
 16497 | Lair:3   | Found a runed translucent gate.
 16498 | Lair:3   | Found a runed translucent gate.
 16500 | Lair:3   | Noticed MisterPants's ghost (journeyman FeSu)
 16705 | Lair:3   | Noticed Fannar
 16716 | Lair:3   | Killed Fannar
 17479 | Lair:4   | Found a staircase to the Slime Pits.
 17479 | Lair:4   | Found a viscous altar of Jiyva.
 18270 | Lair:3   | Killed MisterPants's ghost
 18342 | Lair:5   | Entered Level 5 of the Lair of Beasts
 18452 | Lair:5   | Reached skill level 10 in Evocations
 19214 | Lair:5   | Reached XP level 14. HP: 98/114 MP: 14/14
 19224 | Lair:5   | Reached skill level 11 in Fighting
 19446 | Lair:5   | Reached skill level 10 in Dodging
 19894 | Lair:5   | Reached skill level 10 in Armour
 20235 | Lair:5   | Found a corrupted altar of Lugonu.
 20235 | Lair:5   | Found a one-way gate to the infinite horrors of the Abyss.
 20978 | D:11     | Found an ornate altar of the Wu Jian Council.
 21019 | D:11     | Noticed Nergalle
 22694 | D:12     | Noticed Sonja
 22695 | D:12     | Killed Sonja
 22740 | D:12     | You fall into a shaft and drop 2 floors!
 22802 | D:14     | Found a gate leading to a gauntlet.
 22838 | Gauntlet | Entered a Gauntlet
 22838 | Gauntlet | Found a transporter.
 22879 | Gauntlet | Found a transporter.
 22882 | Gauntlet | Found a transporter.
 22883 | Gauntlet | Found a transporter.
 22891 | Gauntlet | Found a transporter.
 22894 | Gauntlet | Found a transporter.
 22895 | Gauntlet | Found a transporter.
 22904 | Gauntlet | Found a transporter.
 22907 | Gauntlet | Found a transporter.
 22908 | Gauntlet | Found a transporter.
 22916 | Gauntlet | Found a transporter.
 22919 | Gauntlet | Found a transporter.
 22920 | Gauntlet | Found a transporter.
 22928 | Gauntlet | Found a transporter.
 23018 | Gauntlet | Reached skill level 12 in Fighting
 23091 | Gauntlet | Reached XP level 15. HP: 114/123 MP: 12/15
 23171 | Gauntlet | HP: 1/123 [death yak simulacrum (12)]
 23283 | Gauntlet | Identified the ring of Fabogade {rElec rF+ rC++ Str-5}
 23311 | Gauntlet | Identified the +3 helmet of Bautt {Str+6 Slay-6}
 23656 | D:12     | Noticed Snorg
 23660 | D:12     | Killed Snorg
 23739 | D:12     | Noticed Urug
 23746 | D:12     | Killed Urug
 23951 | Orc:1    | Entered Level 1 of the Orcish Mines
 23951 | Orc:1    | Found Moikhik's General Store.
 23959 | Orc:1    | Bought a scroll of identify for 26 gold pieces
 23959 | Orc:1    | Bought a scroll of identify for 26 gold pieces
 24162 | Orc:1    | Noticed Harold
 24176 | Orc:1    | Killed Harold
 24224 | Orc:1    | Found a runed translucent gate.
 24237 | Orc:1    | Found a runed translucent gate.
 24238 | Orc:1    | Found a runed translucent gate.
 24238 | Orc:1    | Noticed enile's ghost (journeyman TeCj)
 24239 | Orc:1    | Noticed greasedhog's ghost (journeyman GrMo)
 24710 | Orc:1    | Killed enile's ghost
 24815 | Orc:2    | Entered Level 2 of the Orcish Mines
 24880 | Orc:2    | Found Hounac's Antique Weapon Boutique.
 24888 | Orc:2    | Bought a shimmering whip for 217 gold pieces
 24888 | Orc:2    | Identified the +2 whip "Jurhisch" {vorpal, Contam rCorr
                  | Str+5} (You bought it in a shop on level 2 of the Orcish
                  | Mines)
 24888 | Orc:2    | Bought the +13 scythe of Curses {drain, Drain} for 2320
                  | gold pieces
 24888 | Orc:2    | Found the +13 scythe of Curses {drain, Drain}
 25700 | Orc:2    | Reached skill level 5 in Stealth
 25739 | Orc:2    | Found Tawn's Magic Scroll Boutique.
 25739 | Orc:2    | Found Hubaup's Magic Scroll Emporium.
 25745 | Orc:2    | Bought a scroll of amnesia for 60 gold pieces
 25745 | Orc:2    | Bought a scroll of enchant armour for 112 gold pieces
 25745 | Orc:2    | Bought a scroll of vulnerability for 60 gold pieces
 25745 | Orc:2    | Bought a scroll of identify for 30 gold pieces
 25745 | Orc:2    | Bought a scroll of identify for 30 gold pieces
 25758 | Orc:2    | Bought a scroll of identify for 28 gold pieces
 25758 | Orc:2    | Bought a scroll of identify for 28 gold pieces
 25801 | Orc:2    | Found Gasokaer's Magic Scroll Boutique.
 25801 | Orc:2    | Found Mom Lin's Distillery.
 25818 | Orc:2    | Bought a scroll of identify for 24 gold pieces
 25818 | Orc:2    | Bought a scroll of identify for 24 gold pieces
 25818 | Orc:2    | Bought a scroll of identify for 24 gold pieces
 25947 | Orc:2    | Found a staircase to the Elven Halls.
 26248 | Orc:1    | Bought the +4 moon troll leather armour {Spirit, Regen++
                  | MP+5} for 654 gold pieces
 26248 | Orc:1    | Found the +4 moon troll leather armour {Spirit, Regen++
                  | MP+5}
 26540 | D:13     | Found a portal to a secret trove of treasure.
 26594 | D:13     | Noticed Maurice
 26599 | D:13     | Killed Maurice
 27045 | D:13     | Noticed a tengu reaver
 27061 | D:13     | Killed a tengu reaver
 27091 | D:13     | Noticed Rupert
 27103 | D:13     | Killed Rupert
 27122 | D:13     | Identified the +5 broad axe of Bile {antimagic, *Rage Str+6
                  | Dex+6}
 27662 | D:14     | Identified the +1 ring mail of Cefutemi {rF+ rC- Dex+2
                  | Stlth+}
 27774 | D:14     | Gained mutation: Your demonic aura causes all spilled blood
                  | to erupt in flames. [demonic ancestry]
 27774 | D:14     | Reached XP level 16. HP: 132/132 MP: 16/16
 27895 | D:14     | Reached skill level 13 in Fighting
 28210 | D:14     | Reached skill level 10 in Ranged Weapons
 28272 | D:14     | Found a gate to the Vaults.
 28403 | D:15     | Entered Level 15 of the Dungeon
 28974 | D:15     | Found a blossoming altar of Fedhas.
 29306 | D:15     | Reached skill level 5 in Polearms
 29326 | D:15     | Found a staircase to the Depths.
 29807 | D:15     | Got the Guide on Mutagenic Direction
 30032 | Elf:1    | Entered Level 1 of the Elven Halls
 30156 | Orc:1    | Bought an amulet of the acrobat for 390 gold pieces
 30273 | Elf:1    | Found a shimmering blue altar of Sif Muna.
 30312 | Elf:1    | Found Kailoo's Assorted Antiques.
 30353 | Elf:1    | Paralysed by an air elemental for 1 turns
 30473 | Elf:1    | Paralysed by an air elemental for 1 turns
 30643 | Elf:1    | HP: 5/134 [deep elf zephyrmancer/bolt of lightning (25)]
 30779 | Elf:1    | Got the Lessons on Attendants
 30820 | Elf:1    | Learned a level 1 spell: Summon Small Mammal
 30826 | Elf:1    | Learned a level 5 spell: Summon Forest
 30834 | Elf:1    | Learned a level 5 spell: Summon Mana Viper
 31028 | Elf:1    | Reached XP level 17. HP: 126/141 MP: 17/17
 31033 | Elf:1    | Reached skill level 1 in Summonings
 31040 | Elf:1    | Reached skill level 1 in Translocations
 31108 | Elf:1    | Paralysed by an air elemental for 1 turns
 31112 | Elf:1    | Paralysed by an air elemental for 1 turns
 31114 | Elf:1    | Reached skill level 1 in Hexes
 31632 | Elf:2    | Found Ysaizysu's Weapon Emporium.
 31673 | Elf:2    | Reached skill level 1 in Spellcasting
 32217 | Elf:2    | Found a runed translucent gate.
 32217 | Elf:2    | Found a runed translucent gate.
 32217 | Elf:2    | Found a runed translucent gate.
 33014 | Elf:2    | Noticed a deep elf blademaster
 33020 | Elf:2    | Killed a deep elf blademaster
 33623 | Elf:3    | Entered Level 3 of the Elven Halls
 33656 | Elf:3    | Found Deiliolo's Armour Boutique.
 33660 | Elf:3    | Found Fevijo's Assorted Antiques.
 33661 | Elf:3    | Found Lumuann's Weapon Boutique.
 33693 | Elf:3    | Bought a potion of heal wounds for 185 gold pieces
 33807 | Elf:3    | Reached skill level 14 in Fighting
 34051 | Elf:3    | Noticed a deep elf master archer
 34057 | Elf:3    | Killed a deep elf master archer
 34063 | Elf:3    | Identified the +6 quarterstaff "Uhice" {vorpal, rN+ Dex+7}
 34073 | Elf:3    | Gained mutation: You have large cloven feet. [demonic
                  | ancestry]
 34073 | Elf:3    | Reached XP level 18. HP: 130/150 MP: 23/23
 34120 | Elf:3    | Identified the +3 demon whip "Jeriplept" {vamp, *Noise
                  | Dex+3 SInv}
 34584 | Elf:3    | Identified the ring of Gimusm {MP+9 Str+2}
 35279 | Elf:2    | Slain by a +2 glaive of venom

Illustrated notes

Levels and vault maps discovered:
D:1:      sevenhm_arrival_forest_fort_large_4, layout_basic
D:2:      layout_basic, uniq_sigmund
D:3:      layout_loops_corners, nicolae_titane
D:4:      layout_basic, gup_sewer_entry_bubbles, minmay_misc_feat_nine_boxes
D:5:      layout_rooms, minmay_misc_feat_room
D:6:      layout_basic, nicolae_uskayaw_dance_studio,
          gammafunk_temple_overflow_pools, mainiacjoe_overflow_six_doors_small
D:7:      layout_basic, grunt_temple_overflow_order_and_chaos_2,
          minmay_temple_entry_glassed_door
D:8:      layout_basic, lemuel_tele_altar, enter_bailey_3
D:9:      minmay_the_grid_plus_closed [minmay_the_grid_all_tris,
          minmay_the_grid_tiny_cups, minmay_the_grid_spikes,
          minmay_the_grid_holed_spiral, minmay_the_grid_prize_diamond_cup],
          layout_basic
D:10:     layout_stronghold, dpeg_lair_monsters
D:11:     layout_stronghold, serial_bayou, serial_bayou_pond_d,
          serial_bayou_lake_a, serial_bayou_shore_a, serial_bayou_pond_b,
          nicolae_wu_jian_wuxing_cycle, uniq_nergalle
D:12:     layout_gridville, ebering_dispersal_statue_hall, uniq_urug,
          uniq_snorg, uniq_sonja
D:13:     minmay_tile_spiral, layout_loops_cross, nicolae_trove_entry_crystal,
          uniq_maurice, uniq_rupert
D:14:     minmay_box_of_statues, layout_rooms, grunt_vaults_entry_fortified,
          gauntlet_entry_generic, kennysheep_nub
D:15:     gammafunk_enter_depths_forms, layout_basic, chequers_big_river,
          minivault_15, fedhas_altar_fruit_tree
Lair:1:   layout_roguey, uniq_gastronok, uniq_amaemon
Lair:2:   layout_chaotic_city, grunt_megastairs_1, infiniplex_staircase_pool_2,
          lemuel_fruit_tree
Lair:3:   layout_gridlike, swamp_mist_pool, spider_nest_entry_webs,
          gammafunk_ghost_necromancy, chequers_serial_rivers_large_a,
          uniq_fannar
Lair:4:   layout_cellular_growth, slime_entry_1
Lair:5:   hellmonk_lair_end_abyssal_woods, layout_cave_pods, wad_woods_road_01
Orc:1:    layout_diamond_mine, gammafunk_ghost_cemetery, serial_shops,
          nicolae_diamond_shop, uniq_harold
Orc:2:    st_orc_town, layout_diamond_mine, special_room, serial_shops,
          nicolae_shop_waterfront
Elf:1:    elf_arrival_001, layout_rooms, basic_altar, serial_shops,
          nicolae_shop_hallway_stairs, minmay_elf_demonology
Elf:2:    elven_hall_of_blades_hangedman_original [nicolae_blade_little_rooms],
          layout_loops_cross, serial_shops, shop, nrook_uturn
Elf:3:    grunt_elf_hall_diamonds, layout_loops_corners, columned_hall_lemuel,
          minmay_shop_star

Skill      XL: |  1  2  3  4  5  6  7  8  9 10 11 12 13 14 15 16 17 18 |
---------------+-------------------------------------------------------+-----
Dodging        | 2 3 4 5 6 7 8 9 10 11 12 | 12.9
Throwing       | 1 2 3 4 5 6 |  6.3
Axes           | 1 2 3 4 5 6 |  6.3
Armour         | 1 2 3 4 5 6 7 8 9 10 11 12 | 12.7
Evocations     | 1 2 3 4 5 6 7 9 10 11 12 13 | 13.8
Fighting       | 4 5 6 7 8 9 10 12 13 14 | 14.2
Shields        | 1 3 4 5 |  5.1
Ranged Weapons | 3 5 7 8 9 10 11 | 11.3
Polearms       | 3 5 |  5.4
Stealth        | 5 7 8 |  8.7
Summonings     | 3 4 |  4.3
Translocations | 3 4 |  4.0
Hexes          | 3 4 |  4.3
Spellcasting   | 3 4 |  4.0

Action                   |  1- 3 |  4- 6 |  7- 9 | 10-12 | 13-15 | 16-18 || total
-------------------------+-------+-------+-------+-------+-------+-------++-------
Melee: Spear             |   102 |   108 |       |       |       |       ||   210
       Punch             |     1 |     3 |       |       |       |       ||     4
       Whip              |       |    58 |   192 |   163 |       |       ||   413
 Fire: Longbow           |       |       |       |   221 |  1207 |   978 ||  2406
Throw: Stone             |     2 |       |       |       |       |       ||     2
       Dart              |       |       |     8 |     9 |       |       ||    17
       Boomerang         |       |       |     7 |    12 |       |       ||    19
       Throwing net      |       |       |       |     1 |       |       ||     1
Invok: Call Merchant     |       |       |       |       |     1 |     4 ||     5
 Abil: Evoke Blink       |       |       |       |       |     3 |       ||     3
Evoke: Wand              |     1 |       |     5 |     6 |     3 |     1 ||    16
       Phial of floods   |       |       |       |       |       |     1 ||     1
       Condenser vane    |       |       |       |       |       |     1 ||     1
  Use: Scroll            |     2 |       |     7 |     5 |    21 |     6 ||    41
       Potion            |     1 |       |     1 |     2 |     9 |     2 ||    15
 Stab: Sleeping          |       |    18 |    10 |     1 |       |       ||    29
       Distracted        |       |     1 |       |     2 |       |       ||     3
Armor: Ring mail         |    47 |    45 |    76 |    91 |   218 |       ||   477
       Troll leather arm |       |       |       |       |    27 |    99 ||   126
Dodge: Dodged            |    78 |    73 |   100 |   155 |   906 |   457 ||  1769
Block: Kite shield       |       |       |    61 |    85 |       |       ||   146

Table legend: (Time is in decaauts)
 A = Elapsed time spent in this place.
 B = Non-inter-level travel time spent in this place.
 C = Inter-level travel time spent in this place.
 D = Time resting spent in this place.
 E = Time spent auto-exploring this place.
 F = Levels seen in this place.
 G = Mean time per level.
                   A        B        C        D        E       F      G
               +--------+--------+--------+--------+--------+-----+--------+
         Total |  36294 |  33461 |   2833 |   1085 |  25179 |  28 | 1296.2 |
       Dungeon |  19426 |  17920 |   1506 |    710 |  13921 |  15 | 1295.1 |
          Lair |   6350 |   5966 |    384 |    118 |   4539 |   5 | 1270.0 |
  Orcish Mines |   2768 |   2070 |    698 |     14 |   1464 |   2 | 1384.0 |
   Elven Halls |   4806 |   4562 |    244 |    218 |   2994 |   3 | 1602.0 |
         Sewer |   1328 |   1328 |      0 |     18 |   1082 |   1 | 1328.0 |
        Bailey |    954 |    954 |      0 |      7 |    733 |   1 |  954.0 |
      Gauntlet |    658 |    658 |      0 |      0 |    443 |   1 |  658.0 |
               +--------+--------+--------+--------+--------+-----+--------+

Top non-repeatable levels by time:
     D:9: 2354 daAuts
   Elf:2: 2352 daAuts
  Lair:5: 1926 daAuts
    D:11: 1893 daAuts
     D:2: 1886 daAuts
   Orc:2: 1746 daAuts
     D:8: 1714 daAuts
    D:15: 1464 daAuts
     D:3: 1439 daAuts
   Elf:3: 1333 daAuts
   Sewer: 1328 daAuts
  Lair:3: 1308 daAuts
     D:7: 1286 daAuts
     D:6: 1184 daAuts
  Lair:4: 1181 daAuts
